 Dungeon Crawl Stone Soup version 0.22.1-1-ga44c0e56f4 (webtiles) character file.

7623 Narretz the Basher (level 11, -3/67 HPs)
             Began as a Gargoyle Fighter on Oct 28, 2018.
             Was a Priest of Qazlal.
             Slain by a two-headed ogre
             ... wielding a +0 giant spiked club
              (19 damage)
             ... on level 9 of the Dungeon.
             The game lasted 00:38:02 (7009 turns).

Narretz the Basher (Gargoyle Fighter)               Turns: 7009, Time: 00:38:03

Health: -3/67      AC: 22    Str: 29 (31) XL:     11   Next: 18%
Magic:  0/13       EV:  9    Int:  8 (9)  God:    Qazlal [***...]
Gold:   343        SH: 18    Dex:  6 (9)  Spells: 10/10 levels left

rFire    . . .     SeeInvis .   t - +0 morningstar
rCold    + . .     Gourm    .   M - +2 shield {AC+3}
rNeg     + . .     Faith    .   G - +1 scale mail {rC+}
rPois    ∞         Spirit   +   (no helmet)
rElec    +         Reflect  .   (no cloak)
rCorr    +         Harm     .   N - +0 pair of gloves
MR       .....                  E - +0 pair of boots
Stlth    ..........             P - amulet of guardian spirit
HPRegen  0.21/turn              h - ring of resist corrosion
MPRegen  0.13/turn              K - +3 ring of strength

@: mighty
A: negative energy resistance 1, electricity resistance, unbreathing,
petrification resistance, rot immunity, AC +8
a: Upheaval, Elemental Force, Renounce Religion


You were on level 9 of the Dungeon.
You worshipped Qazlal.
Qazlal was most pleased with you.
You were not hungry.

You visited 2 branches of the dungeon, and saw 10 of its levels.

You collected 343 gold pieces.

Inventory:

Hand Weapons
 a - a +0 flail
 c - a +1 whip of freezing
 n - a +2 mace of draining
 t - a +0 morningstar (weapon)
 v - a +0 hunting sling
Missiles
 s - 142 stones (quivered)
 D - 69 sling bullets
 Q - 5 throwing nets
Armour
 y - a +0 chain mail
 E - a +0 pair of boots (worn)
 G - a +1 scale mail of cold resistance (worn)
 M - a +2 shield of protection (worn)
 N - a +0 pair of gloves (worn)
Jewellery
 h - a ring of resist corrosion (left hand)
 K - a +3 ring of strength (right hand)
 P - an amulet of guardian spirit (around neck)
 R - an uncursed ring of fire
Wands
 x - a wand of polymorph (13)
 J - a wand of paralysis (4)
 O - a wand of enslavement (8)
Scrolls
 e - a scroll of blinking {unknown}
 j - 3 scrolls of magic mapping {unknown}
 k - 2 scrolls of identify
 o - 2 scrolls of fog {unknown}
 p - 4 scrolls of noise
 r - 3 scrolls of teleportation
 u - 7 scrolls of remove curse
 w - 3 scrolls of enchant armour {unknown}
 B - a scroll of silence {unknown}
 C - a scroll of immolation {unknown}
 F - 2 scrolls of enchant weapon {unknown}
 H - a scroll of holy word {unknown}
 I - a scroll of amnesia {unknown}
 L - a scroll of fear {unknown}
Potions
 b - a potion of cancellation {unknown}
 d - a potion of might
 g - a potion of brilliance
 i - a potion of degeneration
 m - a potion of lignification {unknown}
 q - a potion of curing
 z - a potion of haste {unknown}
 A - 2 potions of mutation {unknown}
Comestibles
 f - 19 rations
 S - a chunk of flesh


   Skills:
 + Level 7.6 Fighting
 + Level 11.3 Maces & Flails
 + Level 0.7(0.9) Slings
 + Level 0.3(0.6) Throwing
 + Level 7.4 Armour
 - Level 1.5 Dodging
 - Level 1.0 Stealth
 + Level 9.5 Shields
 * Level 2.9 Invocations
 + Level 1.1 Evocations


You had 10 spell levels left.
You didn't know any spells.
Your spell library contained the following spells:

 Spells                   Type           Power        Failure   Level  Hunger
 Animate Skeleton         Necr           N/A          86%         1    ##.....
 Apportation              Tloc           #.....       86%         1    ##.....
 Confusing Touch          Hex            #.....       86%         1    ##.....
 Corona                   Hex            #......      86%         1    ##.....
 Shock                    Conj/Air       #...         86%         1    ##.....
 Sting                    Conj/Pois      #...         86%         1    ##.....
 Summon Small Mammal      Summ           #...         86%         1    ##.....
 Ensorcelled Hibernation  Hex/Ice        #.....       95%         2    ###....
 Poisonous Vapours        Pois/Air       #.....       95%         2    ###....
 Swiftness                Chrm/Air       #.......     95%         2    ###....
 Confuse                  Hex            #.......     99%         3    ####...
 Dazzling Spray           Conj/Hex       #.....       99%         3    ####...
 Gell's Gravitas          Tloc           #.........   99%         3    ####...
 Mephitic Cloud           Conj/Pois/Air  #.......     99%         3    ####...
 Static Discharge         Conj/Air       #.......     99%         3    ####...
 Tukima's Dance           Hex            #.......     99%         3    ####...
 Airstrike                Air            #.........   100%        4    #####..
 Olgreb's Toxic Radiance  Pois           #.......     100%        4    #####..
 Petrify                  Tmut/Erth      #.......     100%        4    #####..
 Lightning Bolt           Conj/Air       #.........   100%        5    ######.
 Metabolic Englaciation   Hex/Ice        #.........   100%        5    ######.
 Venom Bolt               Conj/Pois      #.........   100%        5    ######.
 Yara's Violent Unravell  Hex/Tmut       #.........   100%        5    ######.


Dungeon Overview and Level Annotations

Branches:
Dungeon (9/15)             Temple (1/1) D:6
   Lair: D:8-11         Orc: D:9-12

Altars:
Ashenzari
Cheibriados
Dithmenos
Elyvilon
Fedhas
Gozag
Hepliaklqana
Kikubaaqudgha
Makhleb
Nemelex Xobeh
Okawaru
Qazlal
Ru
Sif Muna
Trog
Uskayaw
Vehumet
Wu Jian
Xom
Yredelemnul
Zin
The Shining One

Shops:
D:4 (   D:8 }   D:9 (

Annotations:
D:2 Sigmund
D:7 3 runed doors, Flubber's ghost, novice OpCj; Narretz's ghost, novice OgEE; hemabe's ghost, novice HuAr
D:9 Joseph


Innate Abilities, Weirdness & Mutations

You are resistant to torment.
Your stone body is resilient. (AC +8)
You are immune to poison.
You resist negative energy. (rN+)
You are resistant to electric shocks. (rElec)
You can survive without breathing.
You are immune to petrification.
You are immune to rotting.


Message History

You sock the two-headed ogre!
The two-headed ogre is moderately wounded.
The two-headed ogre hits you with a giant spiked club.
* * * LOW HITPOINT WARNING * * *
The two-headed ogre hits you but does no damage.
Evoke which item? (* to show all) (? for menu, Esc to quit)
Aiming: Polymorph
Press: ? - help, Shift-Dir - straight line, f/p - two-headed ogre
Aim: a two-headed ogre, wielding a giant spiked club and a giant club The two-headed ogre easily resists.
The two-headed ogre hits you but does no damage. x2
Evoke which item? (* to show all) (? for menu, Esc to quit)
Aiming: Enslavement
Press: ? - help, Shift-Dir - straight line, f/p - two-headed ogre
Aim: a two-headed ogre, wielding a giant spiked club and a giant club The two-headed ogre easily resists.
Joseph shoots a sling bullet.
You block the sling bullet.
The two-headed ogre is engulfed in blazing flames.
The two-headed ogre hits you with a giant spiked club!!
You die...

##.........
##..........
##...........
##............
##.............
##...........(..
##.@.........(...
##...........)....
#@O...............
#...........)......
#...................
#....................
#.....................
#...................§..
#.................§.§§.
#.................§§§§§


You could see Joseph and a two-headed ogre.

Vanquished Creatures
  Erica (D:8)
  Harold (D:8)
  Pikel (D:7)
  Psyche (D:8)
  4 hippogriffs
  A spriggan (D:8)
  2 hungry ghosts (D:8)
  A water moccasin (D:7)
  A sky beast (D:7)
  2 ice beasts
  2 necrophages (D:8)
  A phantom (D:8)
  5 orc warriors
  5 centaurs
  5 ogres
  A crocodile (D:7)
  6 bullfrogs
  2 wyvern skeletons
  2 scorpions
  3 killer bees (D:7)
  3 wights (D:7)
  A howler monkey (D:5)
  4 crimson imps
  4 hounds
  3 human zombies (D:8)
  3 bullfrog zombies
  A jelly (D:8)
  4 orc priests
  5 orc wizards
  A centaur skeleton (D:5)
  Jessica (D:2)
  3 iguanas
  2 human skeletons (D:8)
  8 worker ants
  3 hound zombies
  2 hound skeletons
  4 mummies (D:8)
  A howler monkey zombie (D:7)
  A howler monkey skeleton (D:9)
  4 gnolls
  13 adders
  3 shadow imps
  An adder zombie (D:7)
  2 adder skeletons (D:5)
  4 worms
  A dart slug (D:2)
  6 leopard geckos
  30 orcs
  7 bats
  2 giant cockroaches
  2 goblins
  8 hobgoblins
  4 jackals (D:7)
  4 kobolds
  5 quokkas
  5 frilled lizards
  A jackal skeleton (D:4)
  A leopard gecko skeleton (D:4)
  An orc zombie (D:8)
  10 rats
215 creatures vanquished.

Vanquished Creatures (others)
  A slave (D:7)
1 creature vanquished.

Grand Total: 216 creatures vanquished

Notes
Turn   | Place    | Note
-------+----------+-------------------------------------------
     0 | D:1      | Narretz the Gargoyle Fighter began the quest for the Orb.
     0 | D:1      | Reached XP level 1. HP: 14/14 MP: 1/1
   204 | D:1      | Reached XP level 2. HP: 16/19 MP: 2/2
   599 | D:2      | Noticed a crimson imp
   615 | D:2      | Killed a crimson imp
   615 | D:2      | Reached XP level 3. HP: 23/23 MP: 3/3
   633 | D:2      | Found a hazy altar of Hepliaklqana.
   636 | D:2      | Noticed Jessica
   660 | D:2      | Killed Jessica
   660 | D:2      | Reached XP level 4. HP: 24/29 MP: 4/4
   907 | D:2      | Noticed Sigmund
  1425 | D:2      | Found a shattered altar of Ashenzari.
  1432 | D:2      | Found a sparkling altar of Nemelex Xobeh.
  1441 | D:2      | Found an opulent altar of Gozag.
  1715 | D:3      | Reached skill level 3 in Maces & Flails
  1715 | D:3      | Reached XP level 5. HP: 33/33 MP: 5/5
  2222 | D:4      | Noticed an ogre
  2227 | D:4      | an ogre changed into a worm
  2355 | D:4      | Reached XP level 6. HP: 32/39 MP: 6/6
  2492 | D:4      | Found Ymioh's Weapon Emporium.
  2592 | D:5      | Entered Level 5 of the Dungeon
  2646 | D:5      | Reached skill level 4 in Maces & Flails
  2745 | D:5      | Reached skill level 1 in Dodging
  3002 | D:5      | Reached XP level 7. HP: 42/44 MP: 7/7
  3175 | D:5      | Found a bloodstained altar of Trog.
  3302 | D:6      | Reached skill level 5 in Maces & Flails
  3574 | D:6      | Reached skill level 5 in Shields
  3743 | D:6      | Found a staircase to the Ecumenical Temple.
  3752 | Temple   | Entered the Ecumenical Temple
  3873 | Temple   | Became a worshipper of Qazlal Stormbringer
  4009 | D:6      | Reached skill level 6 in Maces & Flails
  4009 | D:6      | Reached skill level 5 in Armour
  4030 | D:6      | Reached XP level 8. HP: 30/48 MP: 8/8
  4116 | D:6      | Found a glowing golden altar of the Shining One.
  4408 | D:7      | Reached skill level 1 in Stealth
  4414 | D:7      | Found a runed gate.
  4416 | D:7      | Found a runed gate.
  4416 | D:7      | Found a runed gate.
  4493 | D:7      | Noticed Pikel
  4624 | D:7      | Killed Pikel
  4624 | D:7      | Reached skill level 5 in Fighting
  4624 | D:7      | Reached skill level 7 in Maces & Flails
  4689 | D:7      | Reached XP level 9. HP: 51/54 MP: 9/9
  4761 | D:7      | Reached skill level 8 in Maces & Flails
  5025 | D:7      | Reached * piety under Qazlal
  5372 | D:7      | Reached skill level 9 in Maces & Flails
  5779 | D:7      | Noticed hemabe's ghost (novice HuAr)
  5781 | D:7      | Noticed Flubber's ghost (novice OpCj)
  5783 | D:7      | Noticed Narretz's ghost (novice OgEE)
  5807 | D:8      | Reached XP level 10. HP: 60/61 MP: 10/10
  5835 | D:8      | Noticed Harold
  5879 | D:8      | Reached skill level 1 in Evocations
  5965 | D:8      | Reached ** piety under Qazlal
  5983 | D:8      | Noticed Erica
  6006 | D:8      | Killed Erica
  6006 | D:8      | Reached skill level 10 in Maces & Flails
  6013 | D:8      | Found Miorux's Gadget Shoppe.
  6157 | D:8      | Found an ancient bone altar of Kikubaaqudgha.
  6324 | D:8      | Noticed Psyche
  6333 | D:8      | Killed Psyche
  6445 | D:8      | Killed Harold
  6445 | D:8      | Reached skill level 11 in Maces & Flails
  6445 | D:8      | Reached XP level 11. HP: 46/67 MP: 10/12
  6873 | D:9      | Reached *** piety under Qazlal
  6920 | D:9      | Found Wech's Weapon Shoppe.
  6986 | D:9      | Noticed a two-headed ogre
  6992 | D:9      | Noticed Joseph
  7009 | D:9      | Slain by a two-headed ogre

Skill      XL: |  1  2  3  4  5  6  7  8  9 10 |
---------------+-------------------------------+-----
Armour         | 4 5 6 7 |  7.4
Fighting       | 4 5 6 7 |  7.6
Maces & Flails | 3 4 6 7 9 11 | 11.3
Shields        | 4 5 6 7 9 |  9.5
Dodging        | 1 |  1.5
Stealth        | 1 |  1.0
Evocations     | 1 |  1.1
Invocations    | 2 |  2.9
Slings         | |  0.7
Throwing       | |  0.3

Action                   |  1- 3 |  4- 6 |  7- 9 | 10-12 || total
-------------------------+-------+-------+-------+-------++-------
Melee: Flail             |    15 |       |       |       ||    15
       Mace              |    45 |    93 |       |       ||   138
       Morningstar       |       |   132 |   449 |   319 ||   900
 Fire: Hunting sling     |       |     3 |     6 |       ||     9
Throw: Stone             |       |     1 |     1 |     2 ||     4
Evoke: Wand              |       |     4 |       |     8 ||    12
  Use: Potion            |       |     1 |       |     5 ||     6
       Scroll            |       |     5 |     1 |     4 ||    10
 Stab: Paralysed         |       |       |       |     3 ||     3
  Eat: Chunk             |       |     7 |    10 |     5 ||    22
       Ration            |       |       |       |     2 ||     2
Armor: Scale mail        |    30 |    66 |   147 |   120 ||   363
       Chain mail        |       |    58 |    47 |       ||   105
Dodge: Dodged            |    12 |    68 |   121 |    60 ||   261
Block: Shield            |    27 |   122 |   273 |   271 ||   693
